 Dungeon Crawl Stone Soup version 0.28-a0-1236-gb25a51b929 (webtiles) character file.

Game seed: 6697063729608366879

1064 Turgor the Chopper (level 8, -1/63 HPs)
             Began as a Demonspawn Abyssal Knight on Dec 25, 2021.
             Was a Priest of Lugonu.
             Slain by a two-headed ogre (20 damage)
             ... on level 5 of the Dungeon.
             The game lasted 00:53:39 (6270 turns).

Turgor the Chopper (Demonspawn Abyssal Knight)      Turns: 6270, Time: 00:53:39

Health: -1/63      AC:  7    Str: 17    XL:     8   Next: 6%
Magic:  10/10      EV: 11    Int: 11    God:    Lugonu [***...]
Gold:   62         SH:  0    Dex: 13    Spells: 7/7 levels left

rFire   . . .      SeeInvis .   A - +1 broad axe (flame)
rCold   . . .      Faith    .   (no shield)
rNeg    . . .      Spirit   .   b - +0 leather armour
rPois   .          Reflect  .   (no helmet)
rElec   .          Harm     .   (no cloak)
rCorr   .          Rampage  .   (no gloves)
Will    .....                   (no boots)
Stlth   +.........              q - amulet of magic regeneration
HPRegen 0.20/turn               k - +4 ring of protection
MPRegen 0.52/turn               (no ring)

@: no status effects
A: hooves 1, ignite blood 3, demonic touch 1
a: Renounce Religion, Depart the Abyss, Bend Space, Banish


You were on level 5 of the Dungeon.
You worshipped Lugonu.
Lugonu was most pleased with you.
You visited 1 branch of the dungeon, and saw 5 of its levels.
You visited the Abyss 1 time.
You also visited: Ossuary.

You collected 188 gold pieces.
You spent 126 gold pieces at shops.

Inventory:

Hand Weapons
 o - a +0 hunting sling
 A - a +1 broad axe of flaming (weapon)
Missiles
 e - 169 stones (quivered)
 i - 22 sling bullets
 j - 37 arrows
Armour
 a - a +0 chain mail
 b - a +0 leather armour (worn)
Jewellery
 k - a +4 ring of protection (left hand)
 q - an amulet of magic regeneration (around neck)
Wands
 l - a wand of iceblast (4)
 w - a wand of flame (19)
Scrolls
 d - 2 scrolls of enchant armour {unknown}
 g - a scroll of enchant weapon {unknown}
 m - a scroll of silence {unknown}
 n - 5 scrolls of teleportation
 p - a scroll of identify
 r - 3 scrolls of fear {unknown}
 v - a scroll of fog {unknown}
 x - a scroll of vulnerability {unknown}
 y - a scroll of blinking {unknown}
Potions
 c - 3 potions of heal wounds
 f - 3 potions of flight
 h - a potion of mutation
 t - 2 potions of curing
 u - a potion of attraction
 z - a potion of cancellation


   Skills:
 - Level 5.5 Fighting
 * Level 7.6 Axes
 - Level 1.7 Armour
 - Level 0.8 Dodging
 - Level 3.0 Invocations


You had 7 spell levels left.
You didn't know any spells.
Your spell library contained the following spells:

 Spells                   Type           Power      Damage    Failure   Level
 Corpse Rot               Necr/Air       0%         N/A       54%         2
 Dispel Undead            Necr           0%         3d6       99%         4
 Death Channel            Necr           0%         N/A       100%        6


Dungeon Overview and Level Annotations

Branches:
Dungeon (5/15)             Temple (0/1) D:4         Ossuary (visited)

Altars:
Nemelex Xobeh
Sif Muna

Shops:
D:1 (


Innate Abilities, Weirdness & Mutations

You have large cloven feet.
Your demonic aura causes all spilled blood to erupt in flames.
Your touch may inflict minor irresistible damage on your foes.


Message History

Aiming: Throw Flame
Press: ? - help, Shift-Dir - straight line, f/p - two-headed ogre
Aim: a two-headed ogre, wielding two +0 giant clubs (lightly wounded, 85% to hit)
The puff of flame hits the two-headed ogre.
The two-headed ogre is lightly wounded.
Aiming: Throw Flame
Press: ? - help, Shift-Dir - straight line, f/p - two-headed ogre
Aim: a two-headed ogre, wielding two +0 giant clubs (lightly wounded, 85% to hit)
The puff of flame hits the two-headed ogre.
The two-headed ogre is moderately wounded.
Aiming: Throw Flame
Press: ? - help, Shift-Dir - straight line, f/p - two-headed ogre
Aim: a two-headed ogre, wielding two +0 giant clubs (moderately wounded, 85% to hit)
The puff of flame hits the two-headed ogre.
The two-headed ogre is moderately wounded.
The orc wizard casts a spell.
The orc wizard flickers and vanishes!
Deactivating autopickup; reactivate with Ctrl-A.
You see here a +0 hand axe.
Aiming: Throw Flame
Press: ? - help, Shift-Dir - straight line, f/p - two-headed ogre
Aim: a two-headed ogre, wielding two +0 giant clubs (moderately wounded, 85% to hit)
Okay, then.
Unknown command.
Aiming: Throw Flame
Press: ? - help, Shift-Dir - straight line, f/p - two-headed ogre
Aim: a two-headed ogre, wielding two +0 giant clubs (moderately wounded, 85% to hit)
The puff of flame hits the two-headed ogre!
The two-headed ogre is moderately wounded.
You hit the two-headed ogre. You burn the two-headed ogre.
Your kick misses the two-headed ogre.
The two-headed ogre is heavily wounded.
The two-headed ogre is engulfed in blazing flames.
The two-headed ogre hits you with a +0 giant club!!
The two-headed ogre closely misses you.
You hit the two-headed ogre. You burn the two-headed ogre.
The two-headed ogre is severely wounded.
The two-headed ogre is engulfed in blazing flames.
The two-headed ogre hits you with a +0 giant club!! x2
You die...

#.##.#.....####.##.
##.#..#.....#
###....####.###
#....### #..#
######.##.# #.##
#......)).# #.#
#........)# #.#
#....>...[### #O#
#........[..###@###
#.........#...☼...#
#.........#.......#
#.........#.....).#
#.........#.......#
#.........#......[#
###########.....<.#
#.......# #.......#


You could see a two-headed ogre.

Vanquished Creatures
  Duvessa (D:4)
  2 ogres (D:5)
  A necrophage (D:4)
  A phantom (D:4)
  A bullfrog (D:4)
  Dowan (D:4)
  3 centaur zombies (Ossuary)
  A jelly (D:5)
  Natasha (thrice) (D:2)
  An iguana (D:3)
  An orc wizard (D:5)
  4 mummies (Ossuary)
  7 adders
  7 gnolls (D:2)
  2 adder skeletons
  2 worms
  2 dart slugs
  6 orcs (D:5)
  6 bats
  8 endoplasms
  2 giant cockroaches
  5 goblins
  5 hobgoblins
  10 jackals
  2 quokkas (D:3)
  5 ball pythons
  3 frilled lizards
  5 hobgoblin zombies (Ossuary)
  3 kobolds
  7 rats
107 creatures vanquished.

Vanquished Creatures (others)
  An orc wizard (D:5)
  An orc (D:5)
2 creatures vanquished.

Grand Total: 109 creatures vanquished

Notes
Turn   | Place    | Note
-------+----------+-------------------------------------------
     0 | Abyss:1  | Turgor the Demonspawn Abyssal Knight began the quest for
                  | the Orb.
     0 | Abyss:1  | Reached XP level 1. HP: 18/18 MP: 2/2
    28 | Abyss:1  | Found a corrupted altar of Lugonu.
    71 | Abyss:1  | Noticed a sixfirhy
    75 | Abyss:1  | Noticed a fire bat
    97 | Abyss:1  | Noticed a large abomination
   101 | D:1      | Escaped the Abyss
   101 | D:1      | Noticed a naga
   101 | D:1      | Noticed an ogre
   102 | D:1      | Noticed a merfolk
   104 | D:1      | Noticed a naga
   104 | D:1      | Noticed a vampire
   107 | D:1      | Noticed a formicid
   111 | D:1      | Noticed an octopode
   112 | D:1      | Noticed a formicid
   113 | D:1      | Noticed a naga
   115 | D:1      | Noticed a vine stalker
   116 | D:1      | Noticed an octopode
   117 | D:1      | Noticed an octopode
   119 | D:1      | Noticed a demigod
   119 | D:1      | Noticed a felid
   316 | D:1      | Found Cacuppych's Antique Weapon Shop.
   355 | D:1      | Reached skill level 2 in Axes
   359 | D:1      | Reached * piety under Lugonu
   392 | D:1      | Discovered your monstrous ancestry.
   392 | D:1      | Gained mutation: You have large cloven feet. [demonic
                  | ancestry]
   392 | D:1      | Reached XP level 2. HP: 19/24 MP: 4/4
   951 | D:2      | Noticed Natasha
  1266 | D:2      | Gained mutation: Your demonic aura sometimes causes spilled
                  | blood to erupt in flames. [demonic ancestry]
  1266 | D:2      | Reached XP level 3. HP: 13/29 MP: 5/5
  1481 | D:2      | Found a faded altar of an unknown god.
  1698 | D:2      | Reached skill level 3 in Axes
  1737 | D:2      | Reached XP level 4. HP: 28/36 MP: 6/6
  2042 | D:2      | Reached ** piety under Lugonu
  2590 | D:3      | Found a shimmering blue altar of Sif Muna.
  2634 | D:3      | Reached skill level 4 in Axes
  2634 | D:3      | Gained mutation: Your touch may inflict minor irresistible
                  | damage on your foes. [demonic ancestry]
  2634 | D:3      | Reached XP level 5. HP: 39/42 MP: 7/7
  3083 | D:4      | Found a sparkling altar of Nemelex Xobeh.
  3488 | D:4      | Found a staircase to the Ecumenical Temple.
  3488 | D:4      | Noticed a necrophage
  3510 | D:4      | Killed a necrophage
  3583 | D:4      | Noticed Dowan
  3623 | D:4      | Reached skill level 5 in Axes
  3623 | D:4      | Gained mutation: Your demonic aura often causes spilled
                  | blood to erupt in flames. [demonic ancestry]
  3623 | D:4      | Reached XP level 6. HP: 49/49 MP: 8/8
  4110 | D:5      | Entered Level 5 of the Dungeon
  4134 | D:5      | Reached skill level 5 in Fighting
  4440 | D:5      | Found a sand-covered staircase.
  4442 | D:5      | Noticed a two-headed ogre
  4445 | Ossuary  | Entered an ossuary
  4453 | Ossuary  | Reached XP level 7. HP: 23/56 MP: 9/9
  4690 | Ossuary  | Reached skill level 6 in Axes
  5087 | D:2      | Killed Natasha
  5218 | D:2      | Noticed Natasha
  5223 | D:2      | Killed Natasha
  5304 | D:1      | Bought a runed broad axe for 126 gold pieces
  5346 | D:2      | Noticed Natasha
  5350 | D:2      | Killed Natasha
  5730 | D:5      | Reached skill level 7 in Axes
  6099 | D:4      | Noticed Duvessa
  6101 | D:4      | Killed Dowan
  6102 | D:4      | Killed Duvessa
  6103 | D:4      | Gained mutation: Your demonic aura causes all spilled blood
                  | to erupt in flames. [demonic ancestry]
  6103 | D:4      | Reached XP level 8. HP: 60/63 MP: 10/10
  6188 | D:5      | Reached *** piety under Lugonu
  6270 | D:5      | Slain by a two-headed ogre

Illustrated notes

Levels and vault maps discovered:
D:1:      shiori_arrival_whats_in_store_for_you, layout_basic, serial_shops,
          shop
D:2:      layout_loops_cross, hellmonk_ecumenical_altar_dog_temple,
          minmay_hexomino_f4, uniq_natasha
D:3:      layout_rooms, mainiacjoe_overflow_alcove_1
D:4:      layout_gridville, nemelex_xobeh_ov_fountains_minmay,
          minmay_temple_entry_ruins, uniq_duvessa
D:5:      lemuel_ice_spiral_2, layout_rooms, fiery_altar_vehumet,
          nicolae_ossuary_entry_monument, chequers_serial_rivers_micro_c,
          amcnicky_mini_pool_small

Skill      XL: |  1  2  3  4  5  6  7 |
---------------+----------------------+-----
Axes           | 2 3 4 5 7 |  7.6
Invocations    | 3 |  3.0
Fighting       | 4 5 |  5.5
Armour         | |  1.7
Dodging        | |  0.8

Action                   |  1- 3 |  4- 6 |  7- 9 || total
-------------------------+-------+-------+-------++-------
Melee: Hand axe          |    96 |   113 |    39 ||   248
       Kick              |    16 |    28 |    24 ||    68
       Touch             |       |     9 |    12 ||    21
       Broad axe         |       |       |    33 ||    33
 Fire: Hunting sling     |       |    22 |       ||    22
Throw: Stone             |     5 |       |     1 ||     6
Invok: Depart the Abyss  |     1 |       |       ||     1
       Bend Space        |       |       |     1 ||     1
Evoke: Wand              |       |     3 |     7 ||    10
  Use: Scroll            |     3 |     3 |     2 ||     8
       Potion            |       |       |     1 ||     1
 Stab: Sleeping          |     2 |     1 |       ||     3
Armor: Leather armour    |    15 |    35 |    29 ||    79
Dodge: Dodged            |    65 |    60 |    48 ||   173

Table legend: (Time is in decaauts)
 A = Elapsed time spent in this place.
 B = Non-inter-level travel time spent in this place.
 C = Inter-level travel time spent in this place.
 D = Time resting spent in this place.
 E = Time spent auto-exploring this place.
 F = Levels seen in this place.
 G = Mean time per level.
                   A        B        C        D        E       F      G
               +--------+--------+--------+--------+--------+-----+--------+
         Total |   6314 |   5753 |    561 |   1811 |   1409 |   7 |  902.0 |
       Dungeon |   5821 |   5260 |    561 |   1567 |   1409 |   5 | 1164.2 |
         Abyss |    101 |    101 |      0 |      0 |      0 |   1 |  101.0 |
       Ossuary |    391 |    391 |      0 |    244 |      0 |   1 |  391.0 |
               +--------+--------+--------+--------+--------+-----+--------+

Top non-repeatable levels by time:
     D:4: 2012 daAuts
     D:1: 1691 daAuts
     D:2: 1086 daAuts
     D:3: 663 daAuts
 Ossuary: 391 daAuts
     D:5: 366 daAuts
 Abyss:1: 101 daAuts
